 Dungeon Crawl Stone Soup version 0.28.0 (webtiles) character file.

Game seed: 16734077018028774951

58090 Hasart the Carver (level 14, -8/118 HPs)
             Began as a Demigod Fighter on Feb 12, 2022.
             Killed from afar by a fire dragon (48 damage)
             ... with a blast of flame
             ... on level 12 of the Dungeon.
             The game lasted 00:55:13 (19947 turns).

Hasart the Carver (Demigod Fighter)                Turns: 19947, Time: 00:55:14

Health: -8/118     AC: 11    Str: 25    XL:     14   Next: 13%
Magic:  17/17      EV: 17    Int: 10    God:
Gold:   1336       SH: 19    Dex: 27    Spells: 13/13 levels left

rFire   . . .      SeeInvis .   C - +3 scimitar (elec)
rCold   + . .      Faith    .   j - +0 kite shield
rNeg    . . .      Spirit   .   m - +0 ring mail "Soikae" {-Cast Will++ Regen+ rCorr}
rPois   .          Reflect  +   (no helmet)
rElec   .          Harm     .   I - +0 cloak
rCorr   +          Rampage  .   U - +0 pair of gloves
Will    +++..      NoCast   +   N - +0 pair of boots
Stlth   +.........              B - amulet of reflection
HPRegen 1.09/turn               J - ring of protection from cold
MPRegen 0.15/turn               M - +6 ring of dexterity

@: no status effects
A: high MP 1, forlorn, divine attributes
a: no special abilities


You were on level 12 of the Dungeon.
You visited 2 branches of the dungeon, and saw 18 of its levels.
You also visited: Ossuary and Gauntlet.

You collected 1458 gold pieces.
You spent 122 gold pieces at shops.

Inventory:

Hand Weapons
 v - the +5 hunting sling "Biuhes" {venom, rPois Stlth+}
   (You found it on level 2 of the Dungeon)

   Any ammunition fired from it poisons the flesh of those it strikes.
   rPois:     It protects you from poison.
   Stlth:     It makes you more stealthy.
 A - the +6 rapier of Linearity {vorpal, rPois Str+3 Int-2 Dex+3}
   (You found it on level 5 of the Dungeon)

   It inflicts extra damage upon your enemies.
   Str:       It affects your strength (+3).
   Int:       It affects your intelligence (-2).
   Dex:       It affects your dexterity (+3).
   rPois:     It protects you from poison.
 C - a +3 scimitar of electrocution (weapon)
 L - the +8 whip "Snakebite" {venom, curare, rPois}
   (You found it on level 5 of the Lair of Beasts)

   It poisons the flesh of those it strikes.
   It occasionally inflicts asphyxiating poison on those it strikes, dealing
   poison damage and causing slowness.
   rPois:     It protects you from poison.
Missiles
 a - 9 silver javelins
 b - 6 javelins
 h - 4 throwing nets
 q - 37 poisoned darts (quivered)
Armour
 j - a +0 kite shield (worn)
 m - the +0 ring mail "Soikae" (worn) {-Cast Will++ Regen+ rCorr}
   (You found it on level 4 of the Dungeon)

   -Cast:     It prevents spellcasting.
   Regen:     It increases your rate of health regeneration.
   rCorr:     It protects you from acid and corrosion.
   Will:      It greatly increases your willpower.
 I - a +0 cloak (worn)
 N - a +0 pair of boots (worn)
 U - a +0 pair of gloves (worn)
Jewellery
 g - a ring of protection from fire
 l - a ring of resist corrosion
 n - a +6 ring of dexterity
 s - a ring of willpower
 u - a ring of protection from fire
 y - a ring of wizardry
 B - an amulet of reflection (around neck)
 G - a ring of flight
 J - a ring of protection from cold (left hand)
 M - a +6 ring of dexterity (right hand)
 X - an amulet of guardian spirit
 Y - a ring of see invisible
 Z - a ring of protection from cold
Wands
 c - a wand of acid (8)
 x - a wand of iceblast (23)
 T - a wand of paralysis (3)
 V - a wand of mindburst (5)
Scrolls
 i - 2 scrolls of fear
 o - a scroll of fog
 r - 2 scrolls of identify
 w - 2 scrolls of magic mapping
 H - 3 scrolls of blinking
 K - 4 scrolls of enchant weapon
 Q - 4 scrolls of teleportation
 R - 2 scrolls of amnesia
 W - a scroll of torment {unknown}
Potions
 d - 5 potions of might
 e - 2 potions of lignification
 f - 9 potions of curing
 k - 3 potions of flight
 p - a potion of invisibility
 t - 5 potions of heal wounds
 D - a potion of berserk rage
 E - a potion of haste
 F - a potion of ambrosia
 O - 2 potions of resistance
 S - 2 potions of mutation
Miscellaneous
 z - a phantom mirror
 P - a tin of tremorstones (2/2)


   Skills:
 + Level 9.1 Fighting
 + Level 12.1 Long Blades
 + Level 2.0 Maces & Flails
 + Level 8.4 Throwing
 + Level 9.1 Armour
 + Level 8.4 Dodging
 + Level 9.1 Shields
 + Level 8.2 Evocations


You had 13 spell levels left.
You didn't know any spells.
Your spell library contained the following spells:

 Spells                   Type           Power      Damage    Failure   Level
 Apportation              Tloc           0%         N/A       77%         1
 Summon Small Mammal      Summ           0%         N/A       77%         1
 Corpse Rot               Necr/Air       0%         N/A       88%         2
 Static Discharge         Conj/Air       0%         N/A       88%         2
 Call Canine Familiar     Summ           0%         N/A       98%         3
 Ozocubu's Armour         Ice            0%         N/A       98%         3
 Spider Form              Tmut/Pois      0%         N/A       98%         3
 Summon Guardian Golem    Hex/Summ       0%         N/A       98%         3
 Dispel Undead            Necr           0%         3d6       100%        4
 Leda's Liquefaction      Hex/Erth       0%         N/A       100%        4
 Petrify                  Tmut/Erth      0%         N/A       100%        4
 Summon Lightning Spire   Summ/Air       0%         N/A       100%        4
 Alistair's Intoxication  Tmut/Pois      0%         N/A       100%        5
 Blade Hands              Tmut           0%         N/A       100%        5
 Iskenderun's Battlesphe  Conj           0%         2d6       100%        5
 Lee's Rapid Deconstruct  Erth           0%         3d5*      100%        5
 Lightning Bolt           Conj/Air       0%         1d11      100%        5
 Death Channel            Necr           0%         N/A       100%        6
 Iron Shot                Conj/Erth      0%         9d1       100%        6
 Statue Form              Tmut/Erth      0%         N/A       100%        6
 Ozocubu's Refrigeration  Ice            0%         4d5       100%        7
 Spellforged Servitor     Conj/Summ      0%         N/A       100%        7
 Maxwell's Capacitive Co  Air            0%         ∞         100%        8


Dungeon Overview and Level Annotations

Branches:
Dungeon (12/15)            Temple (0/1) D:6            Lair (6/6) D:9
  Swamp (0/4) Lair:4       Spider (0/4) Lair:3        Slime (0/5) Lair:5
    Orc (0/2) D:12        Ossuary (visited)         Gauntlet (visited)

Shops:
D:6 *   D:11 *

Portals:
Trove: D:12 (give 9 potions of haste)

Annotations:
D:5 2 transporters, 1 runed translucent door, Crazy Yiuf


Innate Abilities, Weirdness & Mutations

You have an increased reservoir of magic. (+10% MP)
You shall have no god before yourself.
Your divine heritage dramatically boosts your attributes as you level up.


Message History

You hit the fire dragon but do no damage.
The fire dragon is lightly wounded.
You block the fire dragon's attack. The fire dragon claws you.
You block the fire dragon's attack.
You hit the fire dragon but do no damage.
The fire dragon is lightly wounded.
You block the fire dragon's attack. x3
You hit the fire dragon.
The fire dragon is lightly wounded.
The fire dragon breathes flames at you. The blast of flame hits you!!!
You hit the fire dragon but do no damage.
The fire dragon is lightly wounded.
The fire dragon closely misses you. You block the fire dragon's attack.
The fire dragon tramples you.
You stumble backwards!
You hit the fire dragon.
The fire dragon is lightly wounded.
You block the fire dragon's attack. x3
The +8 whip "Snakebite" {venom, curare, rPois} stops dripping with poison.
You hear the crackle of electricity.
C - a +3 scimitar of electrocution (weapon)
The fire dragon breathes flames at you. The blast of flame hits you!!
* * * LOW HITPOINT WARNING * * *
You feel much better. You block the fire dragon's attack. x2
The fire dragon tramples you.
You hold your ground!
Unknown command.
Okay, then.
You slash the fire dragon!
Lightning courses through the fire dragon!
The fire dragon is heavily wounded.
The fire dragon bites you but does no damage.
The fire dragon claws you but does no damage.
You block the fire dragon's attack.
You hit the fire dragon but do no damage.
Lightning courses through the fire dragon!
The fire dragon is severely wounded.
The fire dragon breathes flames at you. The blast of flame hits you!!!
You die...

# #.........# #
#.........# #
######.........#
#######..............#
........####.........#
##.....####..........#
<..#.).###...........#
.......##............#
.......##.......@..###
...#...##.......D..#
............(......#
#......#...........#
#......#.#.........#
#......#...........#
#......##..>.......#
###...###..........#
#.#.# #..........#


You could see a fire dragon (poisoned, catching breath).

Vanquished Creatures
  An azure jelly (Lair:6)
  A minotaur (Gauntlet)
  5 hydras
  Harold (D:8)
  A great orb of eyes (Lair:6)
  A catoblepas (Lair:3)
  A death knight (D:12)
  6 two-headed ogres
  12 death yaks
  A fire crab (Gauntlet)
  A skeletal warrior (D:11)
  A phantasmal warrior (D:12)
  A manticore (D:10)
  An oklob plant (Lair:4)
  A cyclops (D:12)
  Maurice (D:8)
  2 black mambas
  14 elephants
  8 cane toads
  An unseen horror (D:12)
  Maggie (D:7)
  3 rime drakes
  2 freezing wraiths (D:12)
  8 komodo dragons
  A guardian mummy (D:12)
  4 polar bears
  A troll (D:8)
  2 hornets
  17 blink frogs
  7 dream sheep
  3 culicivoras (Lair:3)
  A shadow (D:8)
  A vampire (D:7)
  44 yaks
  6 wyverns
  3 fire bats (Gauntlet)
  4 basilisks
  2 steam dragons
  7 vampire mosquitoes
  An acid dragon (D:8)
  A floating eye (D:9)
  25 water moccasins
  Duvessa (D:5)
  6 orc warriors
  A hornet zombie (D:7)
  A sky beast (D:8)
  3 black bears
  A necrophage (D:3)
  2 ice beasts
  3 ogres
  10 wolves
  4 centaurs
  A phantom (D:5)
  An elf zombie (Ossuary)
  5 kobold brigands
  16 bullfrogs
  2 gnoll sergeants
  6 scorpions
  A wyvern skeleton (D:7)
  Dowan (D:5)
  27 killer bees
  A wight (D:9)
  5 howler monkeys
  2 bullfrog zombies (D:7)
  15 jellies
  10 centaur zombies
  6 hounds
  5 orc priests
  2 bullfrog skeletons
  A scorpion zombie (D:5)
  2 iguanas
  11 orc wizards
  2 hell rats (Lair:1)
  2 mummies (Ossuary)
  5 howler monkey zombies
  9 gnolls
  6 adders
  11 river rats (Lair:1)
  2 white imps (D:8)
  3 worms
  2 dart slugs
  30 orcs
  11 endoplasms
  5 giant cockroaches
  4 gnoll zombies (Ossuary)
  2 goblins (D:1)
  2 hobgoblins (D:3)
  7 quokkas
  3 ball pythons
  6 bats
  2 frilled lizards (D:3)
  3 goblin zombies (Ossuary)
  3 hobgoblin zombies (Ossuary)
  20 kobolds
  3 orc zombies (Ossuary)
  4 rats
504 creatures vanquished.

Vanquished Creatures (others)
  A death yak (Lair:5)
  34 fungi
  43 plants
78 creatures vanquished.

Grand Total: 582 creatures vanquished

Notes
Turn   | Place    | Note
-------+----------+-------------------------------------------
     0 | D:1      | Hasart the Demigod Fighter began the quest for the Orb.
     0 | D:1      | Reached XP level 1. HP: 18/18 MP: 3/3
   535 | D:1      | Reached skill level 2 in Long Blades
  1058 | D:1      | Reached XP level 2. HP: 25/25 MP: 4/4
  1177 | D:2      | You fall into a shaft and drop 2 floors!
  1367 | D:4      | Identified the +0 ring mail "Soikae" {-Cast Will++ Regen+
                  | rCorr}
  1455 | D:4      | Noticed a necrophage
  1532 | D:3      | Noticed a scorpion
  1575 | D:3      | Killed a scorpion
  1576 | D:3      | Reached skill level 1 in Dodging
  1576 | D:3      | Reached XP level 3. HP: 22/31 MP: 5/5
  1576 | D:3      | Reached XP level 4. HP: 28/38 MP: 6/6
  1710 | D:3      | Reached skill level 3 in Long Blades
  1727 | D:3      | Reached skill level 1 in Throwing
  1773 | D:3      | Reached XP level 5. HP: 45/45 MP: 7/7
  2459 | D:2      | Identified the +5 hunting sling "Biuhes" {venom, rPois
                  | Stlth+}
  3280 | D:4      | Reached XP level 6. HP: 9/48 MP: 8/8
  3494 | D:3      | Reached skill level 4 in Long Blades
  3494 | D:3      | Reached skill level 1 in Evocations
  3544 | D:4      | Reached XP level 7. HP: 53/58 MP: 9/9
  3782 | D:5      | Entered Level 5 of the Dungeon
  3782 | D:5      | Noticed Duvessa
  3782 | D:5      | Noticed Dowan
  3804 | D:5      | Killed Dowan
  3809 | D:5      | Killed Duvessa
  3863 | D:5      | Found a transporter.
  3877 | D:5      | Noticed a kobold demonologist
  4071 | D:5      | Found a transporter.
  4118 | D:5      | Reached skill level 5 in Long Blades
  4118 | D:5      | Reached XP level 8. HP: 31/66 MP: 10/10
  4167 | D:5      | Identified the +6 rapier of Linearity {vorpal, rPois Str+3
                  | Int-2 Dex+3}
  4835 | D:5      | Found a runed translucent door.
  4836 | D:5      | Noticed Crazy Yiuf
  5100 | D:6      | Found a sand-covered staircase.
  5113 | Ossuary  | Entered an ossuary
  5275 | D:6      | Found Mivcutt's Merry Market.
  5282 | D:6      | Bought a scroll of magic mapping for 42 gold pieces
  5304 | D:6      | Found a staircase to the Ecumenical Temple.
  5439 | D:6      | Reached skill level 6 in Long Blades
  5557 | D:6      | Reached skill level 5 in Fighting
  5557 | D:6      | Reached XP level 9. HP: 53/74 MP: 11/11
  5778 | D:6      | Identified the +5 hunting sling "Unulis" {vorpal, Will+}
  5856 | D:7      | Reached skill level 5 in Armour
  5856 | D:7      | Reached skill level 5 in Shields
  5858 | D:7      | Noticed Maggie
  5879 | D:7      | Killed Maggie
  6254 | D:7      | Reached skill level 7 in Long Blades
  6963 | D:8      | Noticed Harold
  6998 | D:8      | Killed Harold
  6999 | D:8      | Reached XP level 10. HP: 82/83 MP: 13/13
  7203 | D:8      | Noticed Maurice
  7225 | D:8      | Killed Maurice
  7660 | D:9      | Reached skill level 5 in Dodging
  7716 | D:9      | Noticed a two-headed ogre
  7723 | D:9      | Noticed a two-headed ogre
  7891 | D:8      | Reached skill level 8 in Long Blades
  7937 | D:9      | Noticed a two-headed ogre
  7961 | D:8      | Reached skill level 5 in Throwing
  8063 | D:8      | Killed a two-headed ogre
  8212 | D:8      | Killed a two-headed ogre
  8398 | D:9      | Reached skill level 5 in Evocations
  8510 | D:9      | Found a staircase to the Lair.
  8511 | D:9      | Noticed an elephant
  8533 | D:9      | Killed an elephant
  8534 | D:9      | Reached XP level 11. HP: 91/91 MP: 14/14
  8606 | D:9      | Noticed a two-headed ogre
  8637 | D:9      | Killed a two-headed ogre
  8774 | D:9      | Killed a two-headed ogre
  8904 | D:10     | Entered Level 10 of the Dungeon
  9076 | D:10     | Reached skill level 9 in Long Blades
  9762 | D:11     | Noticed a two-headed ogre
  9802 | D:10     | Killed a two-headed ogre
 10084 | D:11     | Found Pugie's Assorted Antiques.
 10093 | D:11     | Bought a lead wand for 80 gold pieces
 10712 | D:12     | Noticed a skeletal warrior
 10854 | Lair:1   | Entered Level 1 of the Lair of Beasts
 11048 | Lair:1   | Noticed a death yak
 11049 | Lair:1   | Noticed a death yak
 11050 | Lair:1   | Noticed a death yak
 11051 | Lair:1   | Noticed a death yak
 11051 | Lair:1   | Noticed a death yak
 11051 | Lair:1   | Noticed a death yak
 11147 | D:9      | Killed a death yak
 11183 | D:9      | Killed a death yak
 11341 | D:9      | Killed a death yak
 11448 | D:9      | Killed a death yak
 11449 | D:9      | Reached XP level 12. HP: 100/100 MP: 15/15
 11616 | D:9      | Reached skill level 10 in Long Blades
 12142 | Lair:1   | Identified the +1 ring mail "Ogegaigh" {rC- Int+6}
 12316 | Lair:1   | You fall into a shaft and drop 1 floor!
 12736 | Lair:2   | Noticed a six-headed hydra
 12878 | Lair:2   | Noticed a five-headed hydra
 13042 | Lair:1   | Killed a five-headed hydra
 13131 | Lair:2   | Got Peceqezy's Guide on Transmutation
 13427 | Lair:2   | Noticed an eight-headed hydra
 13462 | Lair:2   | Killed an eight-headed hydra
 13672 | Lair:2   | Reached skill level 11 in Long Blades
 13777 | Lair:2   | Reached XP level 13. HP: 99/107 MP: 16/16
 14378 | Lair:3   | Found a gate leading to a gauntlet.
 14398 | Gauntlet | Entered a Gauntlet
 14398 | Gauntlet | Found a transporter.
 14409 | Gauntlet | Found a transporter.
 14410 | Gauntlet | Found a transporter.
 14410 | Gauntlet | Found a transporter.
 14418 | Gauntlet | Found a transporter.
 14421 | Gauntlet | Found a transporter.
 14422 | Gauntlet | Found a transporter.
 14430 | Gauntlet | Found a transporter.
 14433 | Gauntlet | Found a transporter.
 14434 | Gauntlet | Found a transporter.
 14442 | Gauntlet | Found a transporter.
 14445 | Gauntlet | Found a transporter.
 14446 | Gauntlet | Found a transporter.
 14450 | Gauntlet | Found a runed translucent door.
 14452 | Gauntlet | Found a runed translucent door.
 14454 | Gauntlet | Found a transporter.
 14516 | Gauntlet | Found a runed translucent door.
 14653 | Gauntlet | Noticed a minotaur
 14672 | Gauntlet | Killed a minotaur
 14704 | Gauntlet | Identified the +1 leather armour "Feoteof" {Str+2}
 14704 | Gauntlet | Identified the +1 robe of Gerene {Regen+ Int+4}
 14705 | Gauntlet | Got the Disquisition on Flight and Clay
 15199 | Lair:3   | Found a hole to the Spider Nest.
 15839 | Lair:4   | Found a staircase to the Swamp.
 16957 | Lair:5   | Found a staircase to the Slime Pits.
 17574 | Lair:5   | Found the +8 whip "Snakebite" {venom, curare, rPois}
 18223 | Lair:6   | Entered Level 6 of the Lair of Beasts
 18407 | Lair:6   | Reached skill level 12 in Long Blades
 18528 | Lair:6   | Reached skill level 1 in Maces & Flails
 18578 | Lair:6   | Noticed an azure jelly
 18586 | Lair:6   | Noticed a rockslime
 18587 | Lair:6   | Noticed an azure jelly
 18588 | Lair:6   | Noticed a rockslime
 18612 | Lair:6   | HP: 2/110 [azure jelly (8)]
 18616 | Lair:6   | Killed an azure jelly
 18866 | Lair:6   | Noticed a rockslime
 19170 | D:11     | Reached XP level 14. HP: 65/116 MP: 17/17
 19228 | D:12     | Found a staircase to the Orcish Mines.
 19292 | D:12     | Found a portal to a secret trove of treasure.
 19947 | D:12     | Killed from afar by a fire dragon

Illustrated notes

Levels and vault maps discovered:
D:1:      dpeg_arrival_tiny_h, layout_loops_ring,
          hellmonk_ecumenical_altar_crossroads
D:2:      wad_woods_tower, layout_basic, minmay_fractal_squares_gapless_5
D:3:      layout_rooms, led_sif_book, minitemple, kennysheep_another_room,
          minmay_unequal
D:4:      layout_cave_pods
D:5:      gammafunk_wand_slinger, layout_rooms, vehumet_crystals, serial_rivers,
          chequers_serial_rivers_small_b, chequers_serial_rivers_micro_c,
          chequers_serial_rivers_large_b, chequers_serial_rivers_micro_d,
          kennysheep_generic_room_4, uniq_crazy_yiuf_cottage, uniq_duvessa
D:6:      layout_gridville, minmay_temple_entry_wispy,
          nicolae_ossuary_entry_ruins, nicolae_alphabet_shops
D:7:      layout_loops_cross, mainiacjoe_overflow_chevrons, lemuel_doored_altar,
          minmay_curled_crystal, dk_noncrumbling_2, skrybe_limestone_x,
          st_stairs_6, uniq_maggie
D:8:      layout_rooms, kennysheep_generic_room_14, uniq_harold, uniq_maurice
D:9:      layout_small_grid, david_lair_generic, onia_ninara_cookie
D:10:     layout_roguey, nicolae_qazlal_scattered_showers, trog_ov_bears_minmay
D:11:     layout_long_grid, serial_shops, shop
D:12:     layout_rooms, orc_0_dummy, nicolae_trove_entry_path_of_doom,
          minivault_20
Lair:1:   layout_gridlike, chequers_serial_rivers_large_a, kennysheep_rathole
Lair:2:   layout_long_grid, grunt_megastairs_5
Lair:3:   layout_cave_pods, hellmonk_spider_entry_life_and_decay,
          gauntlet_entry_generic
Lair:4:   layout_cellular_growth, swamp_mist, minmay_hedge_maze
Lair:5:   minmay_guarded_unrand_snakebite, layout_loops_ring,
          nicolae_slime_entry_slimehenge, serial_bayou_shore_b
Lair:6:   hangedman_lair_in_review, layout_small_grid, special_room
          [special_room_jelly], nicolae_lair_lil_pond,
          infiniplex_staircase_pool_2, serial_bayou_shore_b

Skill      XL: |  1  2  3  4  5  6  7  8  9 10 11 12 13 14 |
---------------+-------------------------------------------+-----
Long Blades    | 2 3 4 5 6 7 8 9 11 12 | 12.1
Fighting       | 3 4 5 6 7 8 9 |  9.1
Armour         | 3 4 5 6 7 8 9 |  9.1
Dodging        | 1 2 3 4 5 6 7 8 |  8.4
Shields        | 3 4 5 6 7 8 9 |  9.1
Throwing       | 1 2 3 4 5 6 7 8 |  8.4
Evocations     | 1 2 3 4 5 6 7 8 |  8.2
Maces & Flails | 1 2 |  2.0

Action                   |  1- 3 |  4- 6 |  7- 9 | 10-12 | 13-15 || total
-------------------------+-------+-------+-------+-------+-------++-------
Melee: Long sword        |    38 |       |    17 |       |       ||    55
       Dagger            |    34 |   217 |    60 |       |       ||   311
       Rapier            |       |       |   300 |   984 |   278 ||  1562
       Scimitar          |       |       |       |       |   250 ||   250
       Whip              |       |       |       |       |   183 ||   183
Throw: Dart              |     2 |     6 |    44 |   135 |     6 ||   193
       Boomerang         |       |       |       |     6 |    13 ||    19
       Javelin           |       |       |       |       |     4 ||     4
       Throwing net      |       |       |       |       |     4 ||     4
Evoke: Wand              |       |       |       |     5 |     3 ||     8
  Use: Potion            |     2 |       |       |       |     1 ||     3
       Scroll            |       |       |    10 |     4 |    14 ||    28
 Stab: Sleeping          |       |       |       |     1 |     2 ||     3
       Held in net/web   |       |       |       |       |     3 ||     3
Armor: Scale mail        |    10 |       |       |       |       ||    10
       Ring mail         |     4 |    52 |    75 |   226 |   144 ||   501
Dodge: Dodged            |    35 |    84 |   161 |   566 |   319 ||  1165
Block: Buckler           |    16 |    46 |   231 |   778 |    36 ||  1107
       Reflection        |       |       |     4 |    10 |     3 ||    17
       Kite shield       |       |       |       |       |   664 ||   664
